Map: Odyssey LE

Players

LaughingBuba

  • Race: Protoss Protoss
  • League: Bronze
  • Spawn Location: 11:00

Mangomania - Winner!

  • Race: Terran Terran
  • League: Silver
  • Spawn Location: 5:00

VOD

Have the link to the VOD?

Description

Bronze

Time

  • Played on: Jan. 9, 2018, 2:25 a.m.
  • Length: 8:23
Show
View Real Time Build Order
Export as new Build Order

LaughingBuba Protoss 

Build Orders: Oracle Opening 

Get SALT Encoding   

  12  0:01  Probe  
  13  0:13  Probe  
  14  0:22  Pylon  
  14  0:26  Probe  
  15  0:33  Assimilator  
  15  0:38  Assimilator  
  15  0:41  Probe (Chrono Boost)  
  16  0:52  Probe (Chrono Boost)  
  16  0:55  Gateway  
  17  0:57  Probe (Chrono Boost)  
  18  1:14  Probe (Chrono Boost)  
  19  1:25  Pylon  
  19  1:27  Probe (Chrono Boost)  
  20  1:36  Probe  
  21  1:42  Zealot  
  23  1:48  Cybernetics Core  
  23  1:59  Forge, Probe (Chrono Boost)  
  24  2:11  Probe (Chrono Boost)  
  25  2:17  Probe (Chrono Boost)  
  26  2:31  Stargate  
  26  2:32  Stalker  
  26  2:35  Probe  
  29  2:44  Pylon  
  29  2:56  Photon Cannon  
  29  3:00  Protoss Air Weapons Level 1  
  29  3:03  Probe (Chrono Boost)  
  30  3:16  Stargate  
  30  3:23  Oracle  
  33  3:44  Probe  
  34  4:01  Oracle  
  37  4:32  Pylon  
  37  4:35  Nexus  
  37  4:47  Zealot  
  42  4:53  Probe (Chrono Boost)  
  42  4:55  Oracle (Chrono Boost)  
  42  4:57  Oracle (Chrono Boost)  
  46  5:15  Assimilator  
  46  5:17  Assimilator  
  46  5:32  Stargate  
  46  5:59  Probe (Chrono Boost)  
  47  6:09  Probe (Chrono Boost)  
  47  6:10  Stargate  
  48  6:13  Stargate  
  48  6:14  Probe (Chrono Boost)  
  49  6:25  Probe  
  50  6:37  Probe  
  50  7:26  Void Ray x3  
Show
View Real Time Build Order
Export as new Build Order

Mangomania Terran - Winner!

Build Orders: Liberator Opening, MMM Bio 

Get SALT Encoding   

  12  0:03  SCV  
  13  0:18  Supply Depot  
  13  0:20  Refinery  
  13  0:25  SCV  
  14  0:43  Barracks  
  14  0:48  SCV  
  15  1:00  SCV  
  16  1:12  SCV  
  17  1:30  Orbital Command  
  17  1:39  Barracks Reactor  
  17  1:46  Command Center  
  17  2:02  Factory  
  17  2:12  Supply Depot  
  17  2:16  SCV, Refinery  
  18  2:24  Marine x2  
  18  2:29  SCV  
  21  2:41  SCV  
  22  2:49  Factory Tech Lab  
  22  2:59  Orbital Command  
  22  3:04  Marine x2  
  24  3:06  SCV  
  24  3:11  Starport  
  25  3:18  SCV  
  26  3:20  Siege Tank  
  26  3:23  Marine  
  30  3:28  SCV  
  30  3:30  SCV  
  32  3:35  Liberator  
  32  3:38  Supply Depot  
  32  3:40  Marine  
  33  3:41  Marine  
  33  3:42  SCV  
  33  3:44  SCV  
  36  3:55  SCV  
  40  4:06  Barracks  
  40  4:07  Barracks  
  40  4:09  SCV  
  41  4:17  Refinery  
  41  4:18  Marine x2  
  41  4:19  Refinery  
  41  4:24  Supply Depot  
  43  4:30  SCV x2  
  45  4:35  Starport Reactor  
  45  4:36  Marine x2  
  47  4:42  SCV x2  
  49  4:56  Barracks Tech Lab, Engineering Bay  
  49  4:58  Marine x2  
  49  4:59  Barracks Tech Lab, Siege Tank  
  54  5:16  Marine x2  
  56  5:23  Supply Depot  
  56  5:24  Stimpack, Combat Shields  
  56  5:27  Terran Infantry Weapons Level 1  
  56  5:34  Marine x2, Supply Depot  
  58  5:46  Medivac x2  
  62  5:50  Barracks, Siege Tank  
  62  5:51  Marine  
  62  5:55  Supply Depot  
  66  5:58  Supply Depot  
  66  6:12  Marine x2  
  66  6:14  SCV x2  
  64  6:29  Marine x2  
  64  6:30  SCV  
  63  6:42  SCV  
  63  6:52  Marine x2  
  60  7:01  Missile Turret  
  58  7:09  Marine  
  58  7:10  SCV x2, Marine  
  58  7:15  Siege Tank  
  65  7:22  SCV  
  65  7:27  Marine x2  
  68  7:38  Barracks Reactor  
  68  7:39  Marine  
  68  7:40  Marine  
  70  7:45  Marine x2  
  70  7:46  SCV x2  
  70  7:47  Siege Tank  
Tags
 
Add a new tag
Caveats
  • Supply blocks, unpowered buildings, or Contaminate may cause inaccurate times.
  • Supply counts are checked every 10 seconds.